 Dungeon Crawl Stone Soup version 0.31-a0-1059-g83d41fd8b6 (webtiles) character file.

Game seed: 9548383632642991110

352478 Colgate the Convoker (level 20, -6/183 (184) HPs)
             Began as a Demigod Air Elementalist on Nov 20, 2023.
             Mangled by a reaper
             ... wielding a +2 scythe of distortion
             ... called by a doom hound
              (30 damage)
             ... on level 2 of the Crypt on Nov 21, 2023.
             The game lasted 07:25:37 (89127 turns).

Colgate the Convoker (Demigod Air Elementalist)    Turns: 89127, Time: 07:25:38

HP:   -6/183 (184)  AC: 12    Str: 18    XL:     20   Next: 45%
MP:   32/43         EV: 16    Int: 57    God:
Gold: 1735          SH: 14    Dex: 12    Spells: 1/47 levels left

rFire   + + .        b - +0 dagger of Law {elec, *Noise Fly rN++ Will+}
rCold   + + .        o - +2 shield of Resistance {rF++ rC++ Will++}
rNeg    + + .        F - +3 robe of Corheixt {Harm *Corrode Regen+ Int+8}
rPois   .            U - +0 helmet "Bingyither" {Will++ Int+8 Dex-2 Stlth-}
rElec   +            S - +5 cloak of the Apprentice {rElec Str+3}
rCorr   .            B - +2 pair of gloves of the Pink Corner {Str+6}
SInv    +            N - +2 pair of boots {rampage}
Will    +++++        m - amulet of magic regeneration
Stlth   +            D - ring of the Mage {Wiz Archmagi}
HPRegen 1.30/turn    J - ring of see invisible
MPRegen 0.68/turn

%: corrode self (3%), harm (+30% outgoing, +20% incoming), rampage, wizardry
(x1), archmagi
@: calling dragons, corroded, flying, studying 3 skills, lightly drained
A: high MP 1, forlorn, divine attributes
}: 2/15 runes: decaying, serpentine
a: no special abilities


You were on level 2 of the Crypt.
You visited 8 branches of the dungeon, and saw 39 of its levels.
You visited 2 bazaars.

You collected 5918 gold pieces.
You spent 4183 gold pieces at shops.

Inventory:

Hand Weapons
 a - the +9 mace of the Orb {heavy, Int+5}
   (You found it on level 2 of the Dungeon)

   Int+5:     It affects your intelligence (+5).
 b - the +0 dagger of Law (weapon) {elec, *Noise Fly rN++ Will+}
   (You found it on level 4 of the Snake Pit)

   rN++:      It greatly protects you from negative energy.
   Will+:     It increases your willpower.
   Fly:       It grants you flight.
   *Noise:    It may make a loud noise when swung.
 h - the +7 sling "Dount" {elec, rC+++ Str+7 Int-2}
   (You found it on level 2 of the Elven Halls)

   Str+7:     It affects your strength (+7).
   Int-2:     It affects your intelligence (-2).
   rC+++:     It renders you almost immune to cold.
 r - a +4 trident of draining
 T - the +9 staff of Olgreb {rPois∞}
   (You took it off a deep elf sorcerer on level 3 of the Elven Halls)

   Radiate:   It can be activated via the 'a'bility menu to radiate toxic
   energy, with effectiveness depending on Evocations skill.
   Pois:      It enhances your poison magic.
   rPois∞: It grants immunity to poison.
Missiles
 x - 4 curare-tipped darts
Armour
 o - the +2 shield of Resistance (worn) {rF++ rC++ Will++}
   (You found it on level 1 of the Vaults)

   rF++:      It greatly protects you from fire.
   rC++:      It greatly protects you from cold.
   Will++:    It greatly increases your willpower.
 B - the +2 pair of gloves of the Pink Corner (worn) {Str+6}
   (You found it on level 3 of the Elven Halls)

   Str+6:     It affects your strength (+6).
 F - the +3 robe of Corheixt (worn) {Harm *Corrode Regen+ Int+8}
   (You took it off a deep elf elementalist on level 3 of the Elven Halls)

   Int+8:     It affects your intelligence (+8).
   Regen+:    It increases your rate of health regeneration.
   *Corrode:  It may corrode you when you take damage.
   Harm:      It increases damage dealt and taken.
 N - a +2 pair of boots of rampaging (worn)
 S - the +5 cloak of the Apprentice (worn) {rElec Str+3}
   (You acquired it on level 10 of the Dungeon)

   Str+3:     It affects your strength (+3).
   rElec:     It insulates you from electricity.
 U - the +0 helmet "Bingyither" (worn) {Will++ Int+8 Dex-2 Stlth-}
   (You bought it in a shop on level 2 of the Snake Pit)

   Int+8:     It affects your intelligence (+8).
   Dex-2:     It affects your dexterity (-2).
   Will++:    It greatly increases your willpower.
   Stlth-:    It makes you less stealthy.
Jewellery
 g - the ring of Cickumm {MP+9 Dex+3}
   (You acquired it on level 10 of the Dungeon)

   [ring of magical power]

   Dex+3:     It affects your dexterity (+3).
   MP+9:      It affects your magic capacity (+9).
 m - an amulet of magic regeneration (around neck)
 y - a ring of wizardry
 C - the ring of the Raven {rC+ rCorr Str+4 Dex-5}
   (You acquired it on level 10 of the Dungeon)

   [ring of resist corrosion]

   Str+4:     It affects your strength (+4).
   Dex-5:     It affects your dexterity (-5).
   rC+:       It protects you from cold.
   rCorr:     It protects you from acid and corrosion.
 D - the ring of the Mage (left hand) {Wiz Archmagi}
   (You bought it in a shop on level 1 of the Snake Pit)

   [ring of wizardry]

   Wiz:       It improves your spell success rate.
   Archmagi:  It increases the power of your magical spells.
 I - a ring of protection from fire
 J - a ring of see invisible (right hand)
Wands
 s - a wand of iceblast (46) {@v2}
 u - a wand of flame (94)
 A - a wand of paralysis (45)
 L - a wand of digging (14) {@v3}
 R - a wand of mindburst (11)
 Y - a wand of acid (9) {@v1}
 Z - a wand of polymorph (13)
Scrolls
 c - 17 scrolls of teleportation {@r3}
 d - 4 scrolls of fear
 j - 2 scrolls of butterflies
 k - 9 scrolls of immolation
 t - 4 scrolls of blinking {@r4}
 w - 4 scrolls of poison
 z - 8 scrolls of fog
 O - 10 scrolls of vulnerability
 Q - 16 scrolls of identify {@r1}
 W - 2 scrolls of torment
Potions
 e - 20 potions of curing {@q1}
 i - a potion of cancellation
 l - 8 potions of attraction
 n - 7 potions of heal wounds {@q2}
 p - 2 potions of invisibility
 q - 8 potions of brilliance
 v - 6 potions of haste {@q4}
 E - a potion of berserk rage
 G - 3 potions of ambrosia
 H - 10 potions of lignification
 K - 4 potions of enlightenment
 M - 3 potions of magic
 P - 6 potions of mutation
 V - 3 potions of might {@q3}
Miscellaneous
 X - a phantom mirror


   Skills:
 + Level 17.2 Fighting
 - Level 10.1 Armour
 - Level 12.5 Dodging
 - Level 4.2 Stealth
 - Level 12.8 Shields
 - Level 14.0 Spellcasting
 - Level 0.8 Conjurations
 - Level 3.0 Hexes
 - Level 20.0 Summonings
 - Level 2.1 Translocations
 - Level 3.9 Air Magic
 - Level 3.2 Evocations


You had one spell level left.
You knew the following spells:

 Your Spells              Type           Power      Damage    Failure   Level
a - Shock                 Conj/Air       100%       1d9       1%          1
b - Swiftness             Air            91%        N/A       1%          3
c - Static Discharge      Conj/Air       100%       3-8/arc   1%          2
d - Summon Small Mammal   Summ           100%       N/A       0%          1
e - Tukima's Dance        Hex            84%        N/A       1%          3
f - Summon Cactus Giant   Summ           79%        N/A       1%          6
g - Summon Mana Viper     Hex/Summ       100%       N/A       1%          5
h - Summon Forest         Summ/Tloc      64%        N/A       1%          5
i - Dragon's Call         Summ           79%        N/A       8%          9
j - Passwall              Tmut/Erth      46%        N/A       1%          2
k - Blink                 Tloc           100%       N/A       1%          2
l - Monstrous Menagerie   Summ           79%        N/A       1%          7

Your spell library contained the following spells:

 Spells                   Type           Power      Damage    Failure   Level
 Apportation              Tloc           100%       N/A       1%          1
 Foxfire                  Conj/Fire      100%       2x1d9     1%          1
 Magic Dart               Conj           100%       1d8       1%          1
 Necrotise                Necr           100%       1d9       1%          1
 Sandblast                Erth           100%       2d20      1%          1
 Sting                    Tmut/Pois      100%       1d8       1%          1
 Call Imp                 Summ           100%       N/A       0%          2
 Summon Guardian Golem    Hex/Summ       100%       N/A       0%          3
 Cigotuvi's Dreadful Rot  Necr/Pois/Air  100%       N/A       1%          2
 Jinxbite                 Hex            100%       N/A       1%          2
 Lesser Beckoning         Tloc           100%       N/A       1%          2
 Momentum Strike          Conj/Tloc      100%       3d10      1%          2
 Poisonous Vapours        Pois/Air       100%       N/A       1%          2
 Scorch                   Fire           100%       2d9       1%          2
 Searing Ray              Conj           100%       2d8       1%          2
 Wereblood                Tmut           56%        N/A       1%          2
 Frozen Ramparts          Ice            100%       1d16      1%          3
 Gell's Gravitas          Tloc           77%        N/A       1%          3
 Ignite Poison            Fire/Tmut/Pois 56%        N/A       1%          3
 Mephitic Cloud           Conj/Pois/Air  72%        N/A       1%          3
 Stone Arrow              Conj/Erth      100%       3d13      1%          3
 Teleport Other           Tloc           77%        N/A       1%          3
 Volatile Blastmotes      Fire/Tloc      100%       2d18      1%          3
 Airstrike                Air            45%        2d(7-23)  1%          4
 Animate Armour           Summ/Erth      100%       N/A       1%          4
 Cause Fear               Hex            42%        N/A       1%          4
 Dimensional Bullseye     Hex/Tloc       40%        N/A       1%          4
 Fulminant Prism          Conj/Hex       37%        3d17      1%          4
 Iskenderun's Mystic Bla  Conj/Tloc      71%        2d14      1%          4
 Leda's Liquefaction      Hex/Erth       35%        N/A       1%          4
 Summon Ice Beast         Ice/Summ       100%       N/A       1%          4
 Summon Lightning Spire   Summ/Air       100%       N/A       1%          4
 Summon Hydra             Summ           79%        N/A       1%          7
 Brom's Barrelling Bould  Conj/Erth      61%        2d8       2%          4
 Flame Wave               Conj/Fire      61%        2d14      2%          4
 Olgreb's Toxic Radiance  Pois           56%        N/A       2%          4
 Petrify                  Tmut/Erth      56%        N/A       2%          4
 Sticky Flame             Conj/Fire      61%        2d8       2%          4
 Spellforged Servitor     Conj/Summ      63%        N/A       3%          7
 Freezing Cloud           Conj/Ice/Air   36%        6-21      4%          5
 Metabolic Englaciation   Hex/Ice        35%        N/A       4%          5
 Fireball                 Conj/Fire      30%        3d13      6%          5
 Irradiate                Conj/Tmut      30%        3d21      6%          5
 Conjure Ball Lightning   Conj/Air       39%        3x3d13    16%         6
 Plasma Beam              Fire/Air       38%        2x1d51    17%         6
 Starburst                Conj/Fire      30%        6d9       32%         6
 Eringya's Noxious Bog    Tmut/Pois      28%        4d6       36%         6
 Orb of Destruction       Conj           32%        9d10      80%         7
 Discord                  Hex            42%        N/A       99%         8
 Disjunction              Tloc           38%        N/A       99%         8
 Ignition                 Fire           28%        3d9       100%        8
 Lehudib's Crystal Spear  Conj/Erth      30%        10d8      100%        8


Dungeon Overview and Level Annotations

Branches:
Dungeon (15/15)            Temple (0/1) D:5            Lair (5/5) D:8
  Swamp (4/4) Lair:3        Snake (4/4) Lair:3        Slime (0/5) Lair:5
    Orc (2/2) D:10            Elf (3/3) Orc:2        Vaults (4/5) D:14
  Crypt (2/3) Vaults:3     Depths (0/4) D:15

Shops:
D:5 :**   D:7 ?[   D:13 *   D:14 !   D:15 *   Orc:2 :(((   Elf:1 (
Snake:1 ::=   Snake:2 [

Annotations:
Elf:2 3 runed translucent doors
Vaults:3 Boris
Vaults:4 1 runed translucent door, quaternion's ghost, veteran MiFi


Innate Abilities, Weirdness & Mutations

You have an increased reservoir of magic. (+10% MP)
You shall have no god before yourself.
Your divine heritage dramatically boosts your attributes as you level up.


Message History

Your golden dragon claws the juggernaut zombie but does no damage.
Your golden dragon tramples the juggernaut zombie!
The juggernaut zombie stumbles backwards!
The doom hound bites you!
Your corrosive artefact corrodes you!
The doom hound barely misses you. The reaper completely misses you.
The juggernaut zombie hits your golden dragon!!!
The juggernaut zombie hits your golden dragon!!
The vampire knight attacks as it pursues you!
The vampire knight hits you with a +0 battleaxe!
You block the vampire knight's attack. The doom hound bites you!!
The doom hound claws you but does no damage.
Your golden dragon breathes fire at the doom hound.
The bolt of fire hits the doom hound!!!
The bolt of fire hits the vampire knight!!!
Your golden dragon bites the juggernaut zombie!!
Your golden dragon claws the juggernaut zombie.
Your golden dragon tramples the juggernaut zombie but does no damage.
Your golden dragon breathes cold at the juggernaut zombie.
The bolt of cold hits the juggernaut zombie.
The juggernaut zombie resists.
A dragon arrives to answer your call!
The reaper hits you from afar with a +2 scythe of distortion!!
Space warps horribly around you!
The doom hound attacks as it pursues you!
The doom hound bites you!!
* * * LOW HITPOINT WARNING * * *
Your corrosive artefact corrodes you!
The doom hound barely misses you.
Your golden dragon bites the juggernaut zombie!
Your golden dragon claws the juggernaut zombie.
Your golden dragon tramples the juggernaut zombie!
The juggernaut zombie holds its ground!
Your golden dragon bites the juggernaut zombie but does no damage.
Your golden dragon claws the juggernaut zombie!
Your golden dragon tramples the juggernaut zombie!
The juggernaut zombie holds its ground!
Your golden dragon breathes fire at the juggernaut zombie.
The bolt of fire hits the juggernaut zombie!!!
The juggernaut zombie is destroyed!
The reaper hits you from afar with a +2 scythe of distortion!!
You die...

################ ################
################ ################
***##############################
,,,.....V.....h.@D<..............
,,,.........V.D.DDD..............
,,,.............2D...<...)...?...
,,*#########...Z..#######.....##*
,,* #......#.....#.D...# ,,*
#..p...+.....#2....# ,,*
#......#....$#D1...# ,,*
#......#.....#.D$..# *,*
#......#######$....#


You could see a doom hound (can howl, ally target), a reaper (ally target), a
vampire knight (distracted), a necromancer, a spriggan defender simulacrum, 5
friendly golden dragons and a friendly quicksilver dragon (summoned, slow).

Vanquished Creatures
  A storm dragon (Vaults:4)
  An ironbound preserver (Vaults:2)
  A deep elf high priest (Elf:1)
  A centaur warrior (D:15)
  An ironbound frostheart (Vaults:1)
  An anaconda (Snake:2)
  2 boulder beetles
  A skeletal warrior (Vaults:3)
  Pikel (D:4)
  A deep elf zephyrmancer (Orc:2)
  A salamander (Snake:4)
  An elephant (Lair:3)
  3 black mambas
  A torpor snail (Lair:4)
  A cane toad (Lair:5)
  Jeremiah (D:7)
  An unseen horror (D:11)
  6 yaktaurs
  2 trolls
  Prince Ribbit (D:7)
  2 blink frogs (Lair:1)
  A shadow (D:9)
  A yak (Lair:1)
  2 steam dragons
  A naga (Lair:3)
  A swamp worm (Lair:3)
  3 water moccasins
  Duvessa (D:7)
  2 nameless horrors
  2 ice beasts
  3 orc warriors
  A sky beast (D:6)
  2 wolves (D:8)
  2 black bears
  3 centaurs
  2 lemures
  A kobold brigand (D:7)
  2 bullfrogs
  A scorpion (D:4)
  5 wights
  Dowan (D:7)
  6 electric eels
  2 howler monkeys (D:9)
  Crazy Yiuf (D:7)
  A gnoll bouda (D:5)
  6 hounds
  9 orc priests
  A sleepcap (D:6)
  4 iguanas
  7 orc wizards
  Ijyb (D:5)
  A hell rat (Lair:4)
  2 hound skeletons (D:3)
  A mummy (D:8)
  12 adders
  9 gnolls (D:5)
  A shadow imp (D:7)
  2 white imps
  2 adder skeletons (D:3)
  2 worms
  A dart slug (D:3)
  29 orcs
  9 ball pythons
  5 bats
  8 endoplasms
  4 giant cockroaches
  5 goblins
  10 hobgoblins
  7 jackals
  15 kobolds
  2 quokkas
  A ball python zombie (D:3)
  6 frilled lizards
  A giant cockroach zombie (D:3)
  A jackal zombie (Crypt:1)
  2 kobold zombies (D:8)
  A quokka skeleton (D:3)
  7 rats
252 creatures vanquished.

Vanquished Creatures (collateral kills)
  Josephina (Crypt:1)
  Xtahua (Crypt:1)
  Vashnia (Snake:2)
  The ghost of Ajyf the Eclecticist, an adept DgEE (Elf:2)
  2 doom hounds (Crypt:2)
  A bone dragon (Crypt:1)
  A Tzitzimitl (Crypt:2)
  A lich (Vaults:4)
  The ghost of Papiegg the Severer, an adept MiMo of Ru (Snake:3)
  3 deep elf master archers
  3 deep elf blademasters
  2 sphinxes
  Grunn (Crypt:2)
  An ancient champion (Crypt:1)
  The ghost of BinkBink the Executioner, an adept MiBe of Trog (Swamp:2)
  A tengu reaver (Vaults:1)
  Aizul (Swamp:2)
  4 thorn hunters
  A storm dragon (Elf:1)
  A revenant (Crypt:1)
  A shadow dragon (Elf:1)
  3 nagarajas (Snake:4)
  Donald (Crypt:1)
  5 deep elf sorcerers (Elf:3)
  6 vault wardens
  3 deep elf elementalists (Elf:3)
  A juggernaut zombie (Crypt:2)
  5 reapers (D:13)
  A ghoul (Crypt:1)
  2 orc warlords (Vaults:1)
  8 ironbound preservers
  3 very ugly things (Vaults:3)
  8 ironbound thunderhulks
  2 war gargoyles
  3 formless jellyfish
  4 vampire knights
  12 dire elephants
  7 deep elf demonologists (Elf:3)
  3 eleionomae (Swamp:4)
  Azrael (Snake:2)
  10 deep elf annihilators
  An ettin (Vaults:4)
  2 bunyips
  6 deep elf death magi
  An eidolon (Crypt:1)
  A crystal guardian (Vaults:3)
  10 jiangshi
  6 fire dragons
  An entropy weaver (Vaults:4)
  3 deep elf high priests
  4 yaktaur captains
  A rakshasa (D:14)
  3 salamander tyrants (Snake:4)
  5 great orbs of eyes
  4 shambling mangroves
  An ogre mage (D:14)
  2 ice dragons (D:15)
  3 ghost crabs
  25 hydras
  A caustic shrike simulacrum (Crypt:1)
  2 spriggan air magi (Swamp:3)
  2 peacekeepers
  9 alligators
  5 anacondas
  6 centaur warriors
  4 two-headed ogres
  2 catoblepae
  A death knight (Crypt:1)
  5 ironbound frosthearts
  7 boulder beetles
  18 dancing weapons
  Erica (D:10)
  16 naga warriors
  The ghost of kskgo the Nimble, a journeyman DjFE of Qazlal (D:9)
  2 vampire magi (Crypt:1)
  A spriggan berserker (Swamp:3)
  10 naga sharpshooters
  3 tengu warriors (D:14)
  4 orc high priests (Orc:2)
  5 shock serpents
  Sonja (D:13)
  11 deep elf knights
  2 skysharks
  4 salamander mystics (Snake:4)
  16 skeletal warriors (Crypt:1)
  4 sea snakes (Snake:2)
  A shadow wraith (Vaults:3)
  3 spriggan druids
  3 goliath frogs
  13 deep elf archers
  25 deep trolls
  4 glowing orange brains
  7 naga ritualists
  6 bog bodies
  A tengu zombie (Vaults:4)
  3 phantasmal warriors
  4 arcanists
  26 lindwurms
  7 swamp dragons
  13 ironbound convokers
  2 necromancers
  A wolf spider zombie (Crypt:1)
  A spriggan simulacrum (Crypt:1)
  An alligator zombie (Crypt:1)
  10 orc knights
  16 deep elf pyromancers
  3 oklob plants
  2 wolf spiders (Lair:5)
  6 mana vipers
  17 deep elf zephyrmancers
  23 ugly things
  5 manticores
  2 orc sorcerers (Orc:2)
  7 cyclopes
  7 will-o-the-wisps
  A cyclops (shapeshifter) (Vaults:3)
  5 elephants
  5 salamanders
  13 naga magi
  39 black mambas
  3 guardian serpents
  2 gargoyles (D:11)
  9 vault sentinels
  A torpor snail (Lair:1)
  2 unseen horrors (D:12)
  An alligator snapping turtle zombie (Crypt:1)
  13 cane toads
  A centaur skeleton (Crypt:1)
  A kobold demonologist (D:12)
  A white draconian zombie (Crypt:1)
  An elf zombie (Vaults:4)
  A shock serpent skeleton (Crypt:1)
  3 rime drakes (Lair:5)
  6 freezing wraiths (Crypt:1)
  6 komodo dragons
  An efreet (D:13)
  An anaconda simulacrum (Crypt:1)
  7 yaktaurs
  A black draconian zombie (Crypt:2)
  A komodo dragon (shapeshifter) (D:14)
  4 guardian mummies (D:13)
  A harpy zombie (Crypt:2)
  3 meliai (D:15)
  6 trolls
  5 polar bears
  A bloated husk (Swamp:2)
  9 tyrant leeches
  13 hornets
  A hornet (shapeshifter) (D:14)
  10 blink frogs
  7 dream sheep (Lair:5)
  An ettin zombie (Vaults:4)
  A jumping spider (D:8)
  A centaur simulacrum (Crypt:1)
  3 wraiths (Crypt:1)
  A shadow (D:11)
  3 vampires (Vaults:3)
  7 spriggans
  4 air elementals
  60 yaks
  A human (shapeshifter) (Elf:1)
  19 slime creatures
  11 wyverns
  A dire elephant simulacrum (Crypt:1)
  5 basilisks
  2 water elementals (Elf:3)
  3 steam dragons (Lair:5)
  7 fire elementals
  4 redbacks
  28 nagas
  14 swamp worms
  3 vampire mosquitoes (Swamp:1)
  4 wargs
  2 acid dragons
  22 water moccasins
  37 orc warriors
  6 swamp drakes
  A hell hound (Snake:2)
  An ice beast (D:8)
  4 wolves (Lair:4)
  3 ogres
  12 centaurs
  A lemure (D:4)
  A human zombie (Vaults:4)
  A draconian zombie (Crypt:1)
  8 bullfrogs
  A gnoll sergeant (D:12)
  A naga simulacrum (Crypt:1)
  A warg skeleton (Crypt:1)
  3 killer bees (D:10)
  5 nameless horrors
  2 electric eels
  7 howler monkeys
  2 lava snakes (D:8)
  29 orc priests
  A hound (D:3)
  An iguana (D:6)
  23 orc wizards
  3 hell rats (Lair:4)
  4 mummies (D:13)
  An adder (D:6)
  3 gnolls (D:12)
  73 orcs
  4 goblins (D:15)
  A giant cockroach zombie (Crypt:1)
  10 kobolds
  A butterfly (Lair:2)
1202 creatures vanquished.

Vanquished Creatures (others)
  Nikola (Swamp:2)
  An eleionoma (Swamp:3)
  A deep elf high priest (Elf:1)
  A hydra (Swamp:4)
  2 deep elf knights
  A deep elf archer (Elf:2)
  A naga mage (Snake:4)
  2 bloated husks
  A water elemental (Elf:1)
  2 dancing weapons
  4 swamp drakes (Swamp:4)
  An orc (Elf:1)
  10 foxfires
  47 snaplasher vines
75 creatures vanquished.

Grand Total: 1529 creatures vanquished

Notes
Turn   | Place    | Note
-------+----------+-------------------------------------------
     0 | D:1      | Colgate the Demigod Air Elementalist began the quest for
                  | the Orb.
     0 | D:1      | Reached XP level 1. HP: 14/14 MP: 5/5
   297 | D:1      | Reached XP level 2. HP: 20/20 MP: 4/7
   988 | D:1      | Reached XP level 3. HP: 26/26 MP: 5/8
  1155 | D:1      | Learned a level 3 spell: Swiftness
  2268 | D:2      | Identified the +9 mace of the Orb {heavy, Int+5}
  2309 | D:2      | Learned a level 2 spell: Static Discharge
  3271 | D:3      | Reached XP level 4. HP: 33/33 MP: 1/11
  4143 | D:3      | Reached XP level 5. HP: 35/38 MP: 10/13
  6015 | D:4      | Reached skill level 1 in Summonings
  6305 | D:4      | Reached skill level 2 in Summonings
  6340 | D:4      | Noticed Pikel
  6375 | D:3      | Learned a level 1 spell: Summon Small Mammal
  6380 | D:3      | Learned a level 4 spell: Airstrike
  6676 | D:4      | Reached skill level 3 in Summonings
  6676 | D:4      | Reached XP level 6. HP: 45/45 MP: 6/15
  7355 | D:5      | Entered Level 5 of the Dungeon
  7361 | D:5      | Found Pirah's Book Shop.
  7401 | D:5      | Found Hoxkisk's Assorted Antiques.
  7745 | D:5      | Found a staircase to the Ecumenical Temple.
  8097 | D:5      | Reached skill level 4 in Summonings
  8447 | D:5      | Reached XP level 7. HP: 47/50 MP: 3/16
  8464 | D:5      | Noticed Ijyb
  8502 | D:5      | Killed Ijyb
  8503 | D:5      | Reached skill level 5 in Summonings
  8797 | D:5      | Found Seadenus's Assorted Antiques.
  8966 | D:5      | Found a staircase to the Ecumenical Temple.
  9054 | D:5      | Found Pirah's Book Shop.
  9057 | D:5      | Found Hoxkisk's Assorted Antiques.
  9152 | D:5      | Found Seadenus's Assorted Antiques.
  9992 | D:6      | Reached skill level 6 in Summonings
 10945 | D:7      | Noticed Dowan
 10946 | D:7      | Noticed Duvessa
 11287 | D:7      | Reached skill level 7 in Summonings
 11418 | D:7      | Reached XP level 8. HP: 57/57 MP: 0/17
 12080 | D:7      | Reached skill level 8 in Summonings
 12356 | D:7      | Noticed Prince Ribbit
 12360 | D:7      | Killed Prince Ribbit
 12408 | D:7      | Found Koejiwki's Armour Boutique.
 12445 | D:7      | Reached skill level 9 in Summonings
 12943 | D:7      | Killed Duvessa
 12972 | D:7      | Killed Dowan
 13157 | D:7      | Reached skill level 10 in Summonings
 13157 | D:7      | Reached XP level 9. HP: 49/62 MP: 0/18
 13461 | D:7      | Found a runed translucent door.
 13462 | D:7      | Noticed Crazy Yiuf
 13494 | D:7      | Killed Crazy Yiuf
 13826 | D:7      | Noticed Jeremiah
 14099 | D:7      | Found The Oracle's Delphic Readings.
 14529 | D:4      | Killed Pikel
 14530 | D:4      | Reached skill level 11 in Summonings
 15662 | D:7      | Killed Jeremiah
 15797 | D:7      | Found Koejiwki's Armour Boutique.
 15866 | D:7      | Found The Oracle's Delphic Readings.
 16028 | D:8      | Reached skill level 12 in Summonings
 16560 | D:8      | Found a runed translucent door.
 16665 | D:8      | Found a staircase to the Lair.
 17695 | D:8      | Reached XP level 10. HP: 69/69 MP: 10/19
 17702 | D:8      | Learned a level 6 spell: Summon Cactus Giant
 18382 | D:8      | Identified the amulet of Reimbursement {Reflect -Cast Fly
                  | rN+ Will+ SH+5}
 18509 | D:8      | Reached skill level 13 in Summonings
 18513 | D:8      | Reached skill level 1 in Fighting
 18544 | D:8      | Found a runed translucent gate.
 18545 | D:8      | Noticed a boulder beetle
 18557 | D:8      | Found a runed translucent gate.
 18558 | D:8      | Found a runed translucent gate.
 18558 | D:8      | Found a runed translucent gate.
 18558 | D:8      | Found a runed translucent gate.
 18558 | D:8      | Identified the +1 whip of Courage {elec, Drain rN+ Str+2}
 18558 | D:8      | Noticed a lindwurm
 18560 | D:8      | Found a runed translucent gate.
 19195 | D:9      | Reached skill level 1 in Evocations
 19411 | D:9      | Found a transporter.
 19411 | D:9      | Noticed a brown ugly thing
 19415 | D:9      | Noticed a cyclops
 19416 | D:9      | Noticed a manticore
 19551 | D:9      | Noticed kskgo's ghost (journeyman DjFE)
 19558 | D:9      | Found a transporter.
 19642 | D:9      | Noticed a two-headed ogre
 19649 | D:9      | Killed a two-headed ogre
 20066 | D:10     | Entered Level 10 of the Dungeon
 20067 | D:10     | Identified 3 scrolls of acquirement
 20067 | D:10     | Acquired the ring of the Raven {rC+ rCorr Str+4 Dex-5}
 20069 | D:10     | Acquired the +5 cloak of the Apprentice {rElec Str+3}
 20083 | D:10     | Acquired the ring of Cickumm {MP+9 Dex+3}
 20172 | D:10     | Reached skill level 5 in Spellcasting
 20304 | D:10     | Found a staircase to the Orcish Mines.
 20528 | D:10     | Identified the +7 halberd of Idwaowk {pain, rF+ rN+ rCorr
                  | Str-4}
 20940 | D:10     | Noticed Erica
 21034 | D:10     | Killed Erica
 21035 | D:10     | Reached XP level 11. HP: 83/84 MP: 1/24
 21530 | D:5      | Bought a book of the Wilderness for 456 gold pieces
 21536 | D:5      | Learned a level 5 spell: Summon Mana Viper
 21836 | D:11     | Noticed an arcanist
 21845 | D:11     | Killed an arcanist
 22016 | D:5      | Bought a scroll labelled MOXKUT NIUV for 23 gold pieces
 22016 | D:5      | Bought a scroll labelled CEUR FUNADOSK for 23 gold pieces
 22016 | D:5      | Bought a scroll labelled UGGIDI GAMYMMA for 23 gold pieces
 22060 | D:5      | Bought a red potion for 23 gold pieces
 22060 | D:5      | Bought a bubbling white potion for 23 gold pieces
 22060 | D:5      | Bought a fizzy black potion for 23 gold pieces
 22700 | D:5      | Bought a scroll labelled ROC HUSHOD for 26 gold pieces
 22761 | D:7      | Bought a scroll of identify for 32 gold pieces
 22884 | D:8      | Killed a boulder beetle
 22954 | D:8      | Killed a lindwurm
 22955 | D:8      | Reached skill level 5 in Fighting
 23537 | D:12     | Noticed a boulder beetle
 23549 | D:12     | Killed a boulder beetle
 23753 | D:12     | Noticed a sun demon
 24091 | D:12     | Noticed a two-headed ogre
 24099 | D:12     | Killed a two-headed ogre
 24634 | D:12     | Reached XP level 12. HP: 100/100 MP: 21/28
 24640 | D:12     | Learned a level 5 spell: Summon Forest
 24757 | D:12     | Reached skill level 1 in Translocations
 25124 | Lair:1   | Entered Level 1 of the Lair of Beasts
 25650 | Lair:1   | Reached skill level 5 in Dodging
 26883 | Lair:2   | Reached skill level 10 in Fighting
 26972 | Lair:2   | Noticed a five-headed hydra
 26981 | Lair:2   | Killed a five-headed hydra
 27273 | Lair:2   | Identified the +0 ring mail of Xeatei {Regen+ Str+4 Int+4}
 27523 | Lair:3   | Noticed a four-headed hydra
 27527 | Lair:3   | Killed a four-headed hydra
 28054 | Lair:3   | Found a staircase to the Snake Pit.
 28203 | Lair:3   | Found a staircase to the Swamp.
 28681 | D:5      | Bought a pair of boots for 103 gold pieces
 28875 | Lair:4   | Noticed a four-headed hydra
 28882 | Lair:3   | Reached skill level 1 in Armour
 28882 | Lair:3   | Reached XP level 13. HP: 114/114 MP: 8/30
 29551 | Lair:4   | Reached skill level 5 in Armour
 30295 | Lair:4   | Found a transporter.
 30296 | Lair:4   | Found a transporter.
 30751 | Lair:5   | Entered Level 5 of the Lair of Beasts
 31060 | Lair:5   | Upgraded the game from 0.31-a0-1057-g70f3316b05 to
                  | 0.31-a0-1059-g83d41fd8b6
 31747 | Lair:5   | Found a staircase to the Slime Pits.
 31874 | Lair:5   | Reached skill level 10 in Spellcasting
 32155 | Lair:5   | Reached skill level 1 in Shields
 32583 | Lair:5   | Reached XP level 14. HP: 126/126 MP: 28/32
 32786 | Lair:5   | Reached skill level 5 in Shields
 33714 | Lair:5   | Learned a level 4 spell: Summon Lightning Spire
 33856 | Lair:5   | Learned a level 2 spell: Passwall
 34325 | D:7      | Bought a book of Weapons for 448 gold pieces
 34330 | D:7      | Learned a level 3 spell: Tukima's Dance
 34618 | Orc:1    | Entered Level 1 of the Orcish Mines
 35175 | Orc:2    | Entered Level 2 of the Orcish Mines
 35678 | Orc:2    | Found a staircase to the Elven Halls.
 35942 | Orc:2    | Paralysed by an orc sorcerer for 4 turns
 36413 | Orc:2    | Found Qiec's Antique Weapon Boutique.
 36413 | Orc:2    | Found Upegaump's Book Shop.
 36414 | Orc:2    | Found Boob's Antique Weapon Shop.
 36418 | Orc:2    | Found Ruqoigem's Weapon Boutique.
 36835 | Orc:2    | Bought a book of Spatial Translocations for 288 gold pieces
 36838 | Orc:2    | Learned a level 2 spell: Blink
 37172 | D:13     | Found Waneuchu's Demolitions Depot.
 37238 | D:13     | Noticed Sonja
 37245 | D:13     | Killed Sonja
 37331 | D:13     | You fall into a shaft and drop 1 floor!
 37750 | D:13     | Noticed a reaper
 37750 | D:13     | Noticed a reaper
 37750 | D:13     | Noticed a reaper
 37750 | D:13     | Noticed a reaper
 37751 | D:13     | Noticed a reaper
 39300 | D:14     | Found Cemm's Distillery.
 39555 | D:14     | Found a gate to the Vaults.
 40266 | D:15     | Entered Level 15 of the Dungeon
 40467 | D:15     | Acquired 407 gold pieces
 40550 | D:15     | Reached XP level 15. HP: 134/134 MP: 35/35
 41073 | D:15     | Found Usyu's Assorted Antiques.
 41158 | D:15     | Bought a bloodstained leather armour for 301 gold pieces
 41158 | D:15     | Identified the +1 leather armour of the Untouchables
                  | {Rampage} (You bought it in a shop on level 15 of the
                  | Dungeon)
 41158 | D:15     | Bought a translucent robe for 245 gold pieces
 41158 | D:15     | Identified the +2 robe of the Barnacle {*Corrode rElec
                  | Will- Stlth+} (You bought it in a shop on level 15 of the
                  | Dungeon)
 41198 | D:15     | Found a staircase to the Depths.
 42372 | Snake:1  | Entered Level 1 of the Snake Pit
 42736 | Snake:1  | Found Oddioppe's Book Emporium.
 42737 | Snake:1  | Found Iptexorph's Jewellery Boutique.
 42738 | Snake:1  | Found Lameluine's Book Emporium.
 42955 | Snake:1  | Bought the ring of the Mage {Wiz Archmagi} for 714 gold
                  | pieces
 42955 | Snake:1  | Found the ring of the Mage {Wiz Archmagi}
 43092 | Snake:2  | Found a flickering gateway to a bazaar.
 43177 | Bazaar   | Entered a bazaar
 43234 | Bazaar   | Found Jeuti's Distillery.
 43260 | Bazaar   | Found Gichupish's Distillery.
 43266 | Bazaar   | Found Cofol's Magic Scroll Shop.
 43346 | Bazaar   | Found Tiupn's Magic Scroll Shop.
 43426 | Bazaar   | Bought a potion of cancellation for 88 gold pieces
 43426 | Bazaar   | Bought a potion of invisibility for 88 gold pieces
 43441 | Bazaar   | Bought a scroll of teleportation for 21 gold pieces
 43469 | Bazaar   | Bought a scroll of teleportation for 45 gold pieces
 43493 | Bazaar   | Bought a potion of curing for 33 gold pieces
 44603 | Snake:2  | Noticed Vashnia
 44618 | Snake:2  | Killed Vashnia
 44803 | Snake:2  | Identified the +6 war axe of the Vase {heavy, rC+ rN+}
 44844 | Snake:2  | Noticed Azrael
 44853 | Snake:2  | Killed Azrael
 45372 | Snake:2  | Found Xulal's Armour Shop.
 45946 | Snake:2  | Found Xulal's Armour Shop.
 47655 | Snake:3  | Found a runed translucent door.
 47655 | Snake:3  | Noticed Papiegg's ghost (adept MiMo)
 48368 | Snake:3  | Reached skill level 15 in Fighting
 48413 | Snake:3  | Reached XP level 16. HP: 149/149 MP: 33/36
 48694 | Snake:4  | Entered Level 4 of the Snake Pit
 49136 | Snake:4  | Identified the +0 dagger of Law {elec, *Noise Fly rN++
                  | Will+}
 49966 | Snake:4  | Reached skill level 10 in Armour
 50362 | Snake:4  | Reached skill level 10 in Dodging
 50873 | Snake:4  | Got a serpentine rune of Zot
 51866 | Swamp:1  | Entered Level 1 of the Swamp
 54126 | Swamp:2  | Identified the serpent talisman of Analysis {rElec Str+8
                  | Dex-2 Stlth-}
 54126 | Swamp:2  | Noticed Aizul
 54141 | Swamp:2  | Killed Aizul
 54670 | Swamp:2  | Noticed Nikola
 54687 | Swamp:2  | Killed Nikola
 55041 | Swamp:2  | Found a runed translucent door.
 55050 | Swamp:2  | Noticed BinkBink's ghost (adept MiBe)
 55500 | D:9      | Found a transporter.
 55608 | D:9      | Found a transporter.
 56481 | D:9      | Killed kskgo's ghost
 56928 | Swamp:3  | Reached XP level 17. HP: 156/156 MP: 36/37
 58223 | Swamp:3  | Learned a level 7 spell: Summon Hydra
 58238 | Swamp:4  | Entered Level 4 of the Swamp
 60899 | Swamp:4  | Got a decaying rune of Zot
 61432 | Vaults:1 | Entered Level 1 of the Vaults
 61443 | Vaults:1 | Found the +2 shield of Resistance {rF++ rC++ Will++}
 61648 | Vaults:1 | Reached skill level 10 in Shields
 63089 | Snake:2  | Bought the +0 helmet "Bingyither" {Will++ Int+8 Dex-2
                  | Stlth-} for 660 gold pieces
 63733 | Vaults:1 | Identified the +10 dire flail "Nisuato" {freeze, rElec}
 65229 | Vaults:2 | Reached XP level 18. HP: 159/169 MP: 38/38
 65304 | Vaults:2 | Identified the +9 morningstar "Qugihou" {holy, Int+2 Dex+3}
 70083 | Vaults:3 | Learned a level 7 spell: Monstrous Menagerie
 70181 | Vaults:3 | Identified the +6 plate armour of the Sun {Dex+6 Slay-5}
 71745 | Vaults:3 | Found a staircase to the Crypt.
 71792 | Vaults:3 | Noticed Boris
 72677 | Vaults:4 | Found a flickering gateway to a bazaar.
 72812 | Bazaar   | Entered a bazaar
 72831 | Bazaar   | Found Eraid's Antique Weapon Emporium.
 72840 | Bazaar   | Found Pimome's Magic Scroll Boutique.
 72866 | Bazaar   | Found Ceagg's Antique Weapon Emporium.
 72938 | Bazaar   | Found Urada's Book Shop.
 72987 | Bazaar   | Bought a scroll of amnesia for 28 gold pieces
 72987 | Bazaar   | Bought a scroll of fear for 28 gold pieces
 72987 | Bazaar   | Bought a scroll of teleportation for 21 gold pieces
 73361 | Vaults:4 | Reached skill level 14 in Summonings
 73637 | Vaults:4 | Found a runed translucent door.
 73646 | Vaults:4 | Noticed quaternion's ghost (veteran MiFi)
 74722 | Vaults:4 | Reached XP level 19. HP: 173/174 MP: 22/42
 75962 | Swamp:2  | Killed BinkBink's ghost
 76272 | Snake:3  | Killed Papiegg's ghost
 76696 | Elf:1    | Entered Level 1 of the Elven Halls
 76785 | Elf:1    | Reached skill level 15 in Summonings
 77228 | Elf:1    | You fall into a shaft and drop 1 floor!
 77970 | Elf:2    | Found a runed translucent door.
 77971 | Elf:2    | Noticed Ajyf's ghost (adept DgEE)
 78329 | Elf:1    | Reached skill level 16 in Summonings
 79003 | Elf:1    | Found a runed translucent gate.
 79003 | Elf:1    | Found a runed translucent gate.
 79003 | Elf:1    | Found a runed translucent gate.
 79003 | Elf:1    | Found a runed translucent gate.
 79003 | Elf:1    | Found a runed translucent gate.
 79004 | Elf:1    | Found a runed translucent gate.
 79315 | Elf:1    | Found Ketyamp's Weapon Shoppe.
 79824 | Elf:1    | Found Ketyamp's Weapon Shoppe.
 80052 | Elf:1    | Found a runed translucent gate.
 80052 | Elf:1    | Found a runed translucent gate.
 80052 | Elf:1    | Found a runed translucent gate.
 80052 | Elf:1    | Found a runed translucent gate.
 80052 | Elf:1    | Found a runed translucent gate.
 80053 | Elf:1    | Found a runed translucent gate.
 80300 | Elf:2    | Killed Ajyf's ghost
 80391 | Elf:2    | Identified the +5 plate armour of Immos {rC+ rN+++ Str-3
                  | SInv}
 80393 | Elf:2    | Identified the +7 sling "Dount" {elec, rC+++ Str+7 Int-2}
 80992 | Elf:2    | Found a runed translucent gate.
 80992 | Elf:2    | Found a runed translucent gate.
 80993 | Elf:2    | Found a runed translucent gate.
 81096 | Elf:3    | Entered Level 3 of the Elven Halls
 81098 | Elf:3    | Paralysed by an air elemental for 1 turns
 81100 | Elf:3    | Paralysed by an air elemental for 1 turns
 81266 | Elf:3    | Reached skill level 17 in Summonings
 81498 | Elf:3    | Noticed a Brimstone Fiend
 82122 | Snake:1  | Bought a ring of wizardry for 420 gold pieces
 83281 | Elf:3    | Identified the ring "Pekoter" {Fly AC+4 Dex+2}
 84443 | Elf:3    | Reached skill level 18 in Summonings
 85075 | Vaults:4 | Learned a level 9 spell: Dragon's Call
 85589 | Elf:3    | Identified the +2 broad axe of Plog {elec, rF+}
 85589 | Elf:3    | Identified the +3 robe of Corheixt {Harm *Corrode Regen+
                  | Int+8}
 85750 | Elf:3    | Identified the storm talisman of Mocaaqil {Str+2 Dex+2}
 85865 | Elf:3    | Got the Grimoire of the Wasteland
 85871 | Elf:3    | Identified the +4 sling "Ipaogh Etti" {speed, rCorr Str+5}
 85886 | Elf:3    | Identified the +2 pair of gloves of the Pink Corner {Str+6}
 87129 | Crypt:1  | Entered Level 1 of the Crypt
 87145 | Crypt:1  | Noticed Xtahua
 87147 | Crypt:1  | Reached XP level 20. HP: 184/184 MP: 25/43
 87151 | Crypt:1  | Killed Xtahua
 87171 | Crypt:1  | Identified the ring "Aczuq" {Ice Fly}
 87171 | Crypt:1  | Noticed Josephina
 87209 | Vaults:3 | HP: 3/173 [something (6)]
 87366 | Crypt:1  | Killed Josephina
 87367 | Crypt:1  | Reached skill level 19 in Summonings
 88579 | Crypt:1  | Noticed Donald
 88584 | Crypt:1  | Killed Donald
 88927 | Crypt:2  | Noticed Grunn
 88934 | Crypt:2  | Killed Grunn
 88935 | Crypt:2  | Reached skill level 20 in Summonings
 88937 | Crypt:2  | Noticed a bone dragon
 89002 | Crypt:1  | Killed a bone dragon
 89127 | Crypt:2  | Mangled by a reaper

Illustrated notes

Levels and vault maps discovered:
D:1:      dpeg_arrival_concentric_ovals, layout_loops_ring
D:2:      layout_loops_ring, wander_ebering_terrifying_dragon_lair
D:3:      layout_basic, grunt_dithmenos_smoke_and_mirrors, serial_undead,
          serial_undead_f, serial_undead_b, serial_undead_b, serial_undead_b,
          nicolae_ecumenical_snake_handling, hangedman_decor_peaks_small
D:4:      layout_basic, mainiacjoe_overflow_catwalk_spiral,
          kennysheep_small_square, uniq_pikel
D:5:      layout_rooms, temple_pool_b, serial_shops, shop, shop, shop,
          minmay_crossroads, uniq_ijyb
D:6:      layout_gridville, amethyst_killhole, chequers_serial_rivers_small_a,
          grunt_decor_junction
D:7:      layout_basic, kennysheep_little_box, zin_statuary, serial_shops,
          nicolae_shop_tiny_real_fake_doors, nicolae_nh_oracle_at_delphi,
          uniq_jeremiah, uniq_duvessa, uniq_crazy_yiuf_cottage,
          uniq_prince_ribbit1
D:8:      gammafunk_indiana_jones, layout_loops_cross, lemuel_crystal_altar,
          erik_lair_island, nicolae_ossuary_entry_giza,
          kennysheep_decorative_pillar, minmay_misc_feat_secret_circle
D:9:      layout_loops_ring, gammafunk_ghost_arena, chequers_mini_garden,
          minmay_fountain_box
D:10:     layout_roguey, grunt_temple_overflow_open, orc_david_3, uniq_erica
D:11:     cheibrodos_wizards_tower, layout_loops_ring
D:12:     layout_roguey, special_room [special_room_orc]
D:13:     layout_layer_cave, minmay_misc_feat_roman, nicolae_blasting_shop,
          corner_web_ring, minmay_guarded_unrand_curses, uniq_sonja
D:14:     layout_loops_corners, david_vaults_2, palyth_stone_intersect,
          nicolae_take_the_stairs
D:15:     grunt_enter_depths_hoard, layout_loops_ring, serial_shops,
          nicolae_lakefront_shop, trog_hazing_becter
Lair:1:   layout_regular_city
Lair:2:   layout_hall_layers, basic_altar, lemuel_fruit_tree,
          lemuel_fruit_fields, infiniplex_staircase_pool, grunt_megastairs_5
Lair:3:   layout_regular_city, minmay_swamp_entry_worms,
          guppyfry_snake_entry_island
Lair:4:   gammafunk_boulding_lane, layout_regular_city, enter_volcano_2
Lair:5:   guppyfry_lair_end_dragon, layout_hall_layers,
          hangedman_lair_tendril_chambers, slime_entry_1,
          minmay_shattered_shrine
Swamp:1:  layout_basic_swamp, nicolae_swamp_bean_lake, swamp_pool_1_2
Swamp:2:  layout_basic_swamp, ebering_ghost_reflecting_pool,
          evilmike_swamp_ruin_wall, uniq_aizul, uniq_nikola
Swamp:3:  nicolae_swamp_phyte_club, layout_basic_swamp,
          evilmike_swamp_ruin_house_1
Swamp:4:  swamp_fiery, layout_basic_swamp, swamp_pool_1_2,
          nicolae_swamp_decorative_isthmus
Snake:1:  layout_rooms, minmay_shop_grove
Snake:2:  layout_chambers, serial_shops, bzr_entry_islet, shop,
          serial_bayou_shore_a, uniq_azrael, uniq_vashnia
Snake:3:  layout_honeycomb, gammafunk_ghost_grave, grunt_megastairs_2,
          serial_bayou_shore_b
Snake:4:  snake_pit, layout_misc_corridors, st_stairs_11
Orc:1:    layout_caves, serial_shops, nicolae_shop_tiny_glass,
          statue_in_the_mist_lemuel
Orc:2:    st_orc_mages, layout_diamond_mine, nicolae_orc_lost_temple
Elf:1:    layout_loops_ring, serial_shops, nicolae_shop_tiny_real_fake_doors,
          orc_legates, nicolae_elf_martial_mastery
Elf:2:    nicolae_elf_blades_splatter_lattice [infiniplex_blade_entry_pillars],
          layout_geoelf_octagon, ebering_ghost_xom
Elf:3:    elf_hall, layout_geoelf_diagonals, roderic_lattice_octagonal_star
Vaults:1: v_misc_4, v_alt_pattern_3, vaults_mumra_hex, vaults_dpeg_cross,
          ontoclasm_vaults_shuriken, v_misc_1, special_room_vaults
          [special_room_orc], nicolae_vaults_three_branches,
          layout_vaults_omnigrid
Vaults:2: v_misc_11, hangedman_vaults_stagger,
          nicolae_vaults_stairing_the_circle,
          nicolae_vaults_trapezoid_lopsided_3, v_misc_32,
          nicolae_vaults_wine_cellar, nicolae_vaults_trapezoid_lopsided_3,
          nicolae_vaults_door_testing_chamber, v_misc_19,
          layout_vaults_omnicross
Vaults:3: vaults_dpeg_diagonal, v_pattern_4, nicolae_vaults_big_ls, v_misc_33,
          minmay_crypt_entry_vampire_xt, v_misc_27, v_misc_5,
          nicolae_vaults_network_s, nicolae_vaults_enemy_cabinets,
          nicolae_vaults_rhombus_7, v_misc_23, nicolae_vaults_little_squares_2,
          serial_ice_m, layout_vaults_big_room, uniq_boris
Vaults:4: hellmonk_ghost_big_iron, ontoclasm_vaults_ring_large,
          nicolae_vaults_tangram_1, vaults_standard_mumra_x,
          nicolae_vaults_display_case, nicolae_vaults_offset_grid_hallway_4,
          v_misc_22, nicolae_vaults_storage_closets_1, grunt_vaults_funnel,
          v_misc_9, v_alt_pattern_2, v_misc_5, vaults_room_stairs_pillars,
          layout_vaults_omnibox, serial_shops, bzr_entry_lakeside
Crypt:1:  layout_rooms, uniq_josephina, uniq_donald, uniq_xtahua
Crypt:2:  layout_chaotic_city, basic_altar, infiniplex_enter_wizlab_glasses,
          minmay_misc_feat_ornament, uniq_grunn

Skill      XL: |  1  2  3  4  5  6  7  8  9 10 11 12 13 14 15 16 17 18 19 20 |
---------------+-------------------------------------------------------------+-----
Air Magic      | 3 |  3.9
Spellcasting   | 2 3 4 6 8 9 10 11 14 | 14.0
Summonings     | 3 4 7 10 12 13 14 18 20 | 20.0
Fighting       | 4 7 10 12 15 17 | 17.2
Dodging        | 2 4 6 8 12 | 12.5
Evocations     | 2 3 |  3.2
Stealth        | 4 |  4.2
Hexes          | 3 |  3.0
Translocations | 2 |  2.1
Armour         | 1 5 8 10 | 10.1
Shields        | 3 6 9 12 | 12.8
Conjurations   | |  0.8

Action                     |  1- 3 |  4- 6 |  7- 9 | 10-12 | 13-15 | 16-18 | 19-21 || total
---------------------------+-------+-------+-------+-------+-------+-------+-------++-------
  Melee: Dagger            |       |     4 |       |       |       |       |       ||     4
         Mace              |       |     2 |    17 |    14 |    38 |    73 |    31 ||   175
         Great sword       |       |       |    11 |       |       |       |       ||    11
         Halberd           |       |       |       |    38 |    20 |       |       ||    58
         Trident           |       |       |       |       |    13 |     8 |     2 ||    23
   Cast: Shock             |   104 |    53 |       |       |       |       |       ||   157
         Static Discharge  |     5 |    39 |     2 |       |       |       |       ||    46
         Swiftness         |     1 |     2 |     1 |       |       |       |     1 ||     5
         Summon Small Mamm |       |    40 |    77 |    34 |     2 |       |       ||   153
         Airstrike         |       |    26 |   153 |    36 |       |       |       ||   215
         Summon Cactus Gia |       |       |       |    71 |   127 |   122 |    15 ||   335
         Summon Mana Viper |       |       |       |    58 |   131 |   137 |    43 ||   369
         Summon Forest     |       |       |       |    22 |   100 |   134 |    29 ||   285
         Summon Lightning  |       |       |       |       |    50 |    11 |       ||    61
         Tukima's Dance    |       |       |       |       |    12 |     5 |     5 ||    22
         Passwall          |       |       |       |       |     1 |       |       ||     1
         Summon Hydra      |       |       |       |       |       |   104 |    42 ||   146
         Blink             |       |       |       |       |       |     1 |     1 ||     2
         Monstrous Menager |       |       |       |       |       |    51 |    81 ||   132
         Dragon's Call     |       |       |       |       |       |       |    19 ||    19
  Evoke: Wand              |       |       |     1 |       |     1 |       |       ||     2
    Use: Scroll            |     2 |     2 |     4 |    15 |    13 |     2 |     5 ||    43
         Potion            |       |     1 |     1 |       |       |     1 |     1 ||     4
   Stab: Sleeping          |       |     2 |       |     2 |     1 |       |       ||     5
         Distracted        |       |       |       |     1 |     2 |     4 |       ||     7
         Betrayed ally     |       |       |       |       |     1 |       |       ||     1
 Armour: Robe              |    14 |    90 |    68 |    13 |       |       |    35 ||   220
         Troll leather arm |       |       |       |    35 |       |       |       ||    35
         Ring mail         |       |       |       |    10 |   101 |    71 |    44 ||   226
         Swamp dragon scal |       |       |       |       |    31 |   200 |       ||   231
         Skin              |       |       |       |       |       |       |    16 ||    16
         Steam dragon scal |       |       |       |       |       |       |     4 ||     4
  Dodge: Dodged            |    15 |    40 |    54 |    60 |    70 |   179 |    70 ||   488
  Block: Other             |       |       |       |     7 |     7 |       |       ||    14
         Buckler           |       |       |       |       |    45 |    79 |       ||   124
         Reflection        |       |       |       |       |    16 |    36 |    15 ||    67
         Kite shield       |       |       |       |       |    24 |   207 |    75 ||   306

Table legend: (Time is in decaauts)
 A = Elapsed time spent in this place.
 B = Non-inter-level travel time spent in this place.
 C = Inter-level travel time spent in this place.
 D = Time resting spent in this place.
 E = Time spent auto-exploring this place.
 F = Levels seen in this place.
 G = Mean time per level.
                   A        B        C        D        E       F      G
               +--------+--------+--------+--------+--------+-----+--------+
         Total |  90118 |  78381 |  11737 |   9946 |  55755 |  41 | 2198.0 |
       Dungeon |  34079 |  28688 |   5391 |   2944 |  21281 |  15 | 2271.9 |
          Lair |  11160 |   9143 |   2017 |   1434 |   6085 |   5 | 2232.0 |
         Swamp |   8286 |   7843 |    443 |   1819 |   4949 |   4 | 2071.5 |
     Snake Pit |   9263 |   8329 |    934 |    127 |   6919 |   4 | 2315.8 |
  Orcish Mines |   2576 |   2290 |    286 |    387 |   1541 |   2 | 1288.0 |
   Elven Halls |   8648 |   7806 |    842 |   1541 |   4896 |   3 | 2882.7 |
        Vaults |  13894 |  12124 |   1770 |    758 |   9390 |   4 | 3473.5 |
         Crypt |   1683 |   1634 |     49 |    936 |    410 |   2 |  841.5 |
        Bazaar |    527 |    527 |      0 |      0 |    282 |   2 |  263.5 |
               +--------+--------+--------+--------+--------+-----+--------+

Top non-repeatable levels by time:
     D:7: 4747 daAuts
Vaults:1: 3793 daAuts
  Lair:5: 3741 daAuts
Vaults:3: 3565 daAuts
Vaults:2: 3504 daAuts
   Elf:3: 3431 daAuts
 Snake:2: 3173 daAuts
     D:9: 3046 daAuts
     D:8: 3038 daAuts
Vaults:4: 3030 daAuts
   Elf:1: 2852 daAuts
     D:3: 2848 daAuts
 Snake:4: 2627 daAuts
 Swamp:4: 2550 daAuts
 Snake:3: 2421 daAuts
